 Dungeon Crawl Stone Soup version 0.29.1-14-g9c671dbff4 (webtiles) character file.

Game seed: 6817291637602508913

176 jjjjhere the Chopper (level 6, 0/52 HPs)
             Began as a Meteoran Fighter on Feb 20, 2023.
             Was an Initiate of Ru.
             Slain by an iguana (10 damage)
             ... on level 4 of the Dungeon.
             The game lasted 00:05:36 (1508 turns).

jjjjhere the Chopper (Meteoran Fighter)             Turns: 1508, Time: 00:05:36

Health: 0/52       AC: 15    Str: 20    XL:     6   Next: 12%
Magic:  7/7        EV:  5    Int:  9    God:    Ru [......]
Gold:   19         SH:  5    Dex: 14    Spells: 5/5 levels left

rFire   . . .      SeeInvis .   a - +0 war axe
rCold   . . .      Faith    .   c - +0 buckler
rNeg    . . .      Spirit   .   r - +0 plate armour
rPois   +          Reflect  .   (no helmet)
rElec   .          Harm     .   t - +0 cloak
rCorr   .          Rampage  +   (no gloves)
Will    .....                   n - +2 pair of boots {rampage}
Stlth   ..........              (no amulet)
HPRegen 0.17/turn               e - ring of poison resistance
MPRegen 0.10/turn               (no ring)

@: glowing
A: sense surroundings 1, otherworldly, glowing, explore regen
a: Renounce Religion


You were on level 4 of the Dungeon.
You worshipped Ru.
Ru was noncommittal.
You visited 1 branch of the dungeon, and saw 4 of its levels.

You collected 59 gold pieces.
You spent 40 gold pieces at shops.

Inventory:

Hand Weapons
 a - a +0 war axe (weapon)
Missiles
 h - 4 boomerangs (quivered)
 u - 2 poisoned darts
Armour
 c - a +0 buckler (worn)
 n - a +2 pair of boots of rampaging (worn)
 r - a +0 plate armour (worn)
 t - a +0 cloak (worn)
Jewellery
 e - a ring of poison resistance (left hand)
Wands
 b - a wand of flame (19)
Scrolls
 g - a scroll of teleportation {unknown}
 j - a scroll of acquirement {unknown}
 k - a scroll of noise {unknown}
 p - a scroll of fog {unknown}
 q - 2 scrolls of fear
Potions
 d - a potion of attraction {unknown}
 f - a potion of curing
 l - 2 potions of resistance
 m - a potion of degeneration {unknown}
 o - 2 potions of mutation
 s - a potion of magic {unknown}


   Skills:
 - Level 3.7 Fighting
 * Level 5.7 Axes
 - Level 3.6 Armour
 + Level 4.7 Shields


You had 5 spell levels left.
You didn't know any spells.
Your spell library contained the following spells:

 Spells                   Type           Power      Damage    Failure   Level
 Freeze                   Ice            0%         1d3       100%        1
 Sandblast                Erth           0%         2d4       100%        1
 Slow                     Hex            0%         N/A       100%        1
 Static Discharge         Conj/Air       0%         3-3/arc   100%        2
 Dispel Undead            Necr           0%         3d6       100%        4
 Sticky Flame             Conj/Fire      0%         2d3       100%        4


Dungeon Overview and Level Annotations

Branches:
Dungeon (4/15) Zot: 856
 Temple: D:4-7

Altars:
Dithmenos
Elyvilon
Fedhas
Gozag
Ru
Xom
Yredelemnul

Shops:
D:3 ?


Innate Abilities, Weirdness & Mutations

You passively map a small area around you.
You are easily found by Zot.
You glow in the dark.
You regain HP and MP as you explore.


Message History

You hit the gnoll.
The gnoll is heavily wounded.
You feel very sick.
The gnoll bouda barks out a call to the hunt!
The gnoll hits you with a +0 flail.
The kobold throws a stone.
The stone hits you but does no damage.
The iguana hisses menacingly.
You closely miss the gnoll.
The gnoll is heavily wounded.
You feel sick. You block the gnoll's attack. The gnoll barely misses you.
A gnoll comes into view. It is wielding a +0 flail.
You feel sick.
You barely miss the kobold.
You feel sick. The kobold hits you but does no damage.
You closely miss the kobold.
You feel sick.
The kobold hits you with a +0 dagger of venom.
* * * LOW HITPOINT WARNING * * *
You are more poisoned.
You barely miss the kobold.
You feel very sick.
The gnoll shouts!
The kobold hits you but does no damage. x2
You barely miss the kobold.
You feel sick. The kobold barely misses you.
You slash the kobold!
You kill the kobold!
You feel sick.
You hit the iguana.
The iguana is lightly wounded.
You feel sick. You block the iguana's attack.
You feel better.
The gnoll is no longer moving quickly.
The iguana bites you.
* * * LOW HITPOINT WARNING * * *
You hit the iguana but do no damage.
The iguana is lightly wounded.
The iguana barely misses you.
The gnoll bouda barks out a call to the hunt!
The gnoll picks up the pace!
You barely miss the iguana.
The iguana is lightly wounded.
The gnoll is no longer moving quickly.
The iguana bites you!
You die...

...........##.. .....#####
#....... ....#.##.g......##
#......###.#.#.....#......#
#......##................ *
#.##.........# ,..g....# *
........)..#######.)...##
.....#####..)...##.g....##
.#.### ######.##........#
.#.# #.@lg......[. .#.#
####g....#... ...# #.....#
.. .### #.....#, . .#
####### * .# ##


You could see a gnoll bouda, an iguana and 2 gnolls.

Vanquished Creatures
  A black bear (D:2)
  An adder (D:3)
  2 gnolls (D:4)
  A white imp (D:4)
  A worm (D:4)
  3 dart slugs
  An orc (D:3)
  3 endoplasms
  3 giant cockroaches
  5 hobgoblins
  3 ball pythons
  3 bats
  A frilled lizard (D:1)
  7 goblins
  4 kobolds (D:4)
  2 rats (D:1)
41 creatures vanquished.

Vanquished Creatures (others)
  A plant (D:4)
1 creature vanquished.

Grand Total: 42 creatures vanquished

Notes
Turn   | Place    | Note
-------+----------+-------------------------------------------
     0 | D:1      | jjjjhere the Meteoran Fighter began the quest for the Orb.
     0 | D:1      | Reached XP level 1. HP: 19/19 MP: 2/2
   134 | D:1      | Reached XP level 2. HP: 26/26 MP: 3/3
   167 | D:1      | Reached skill level 3 in Axes
   257 | D:1      | Reached XP level 3. HP: 31/31 MP: 4/4
   398 | D:1      | Got First Steps in Sorcery
   670 | D:2      | Noticed a black bear
   683 | D:2      | Killed a black bear
   684 | D:2      | Reached skill level 5 in Axes
   684 | D:2      | Reached XP level 4. HP: 26/40 MP: 5/5
   684 | D:2      | Reached XP level 5. HP: 30/46 MP: 6/6
   866 | D:3      | Found a shadowy altar of Dithmenos.
   932 | D:3      | Found Tyuxud's Magic Scroll Emporium.
   941 | D:3      | Bought a scroll of identify for 20 gold pieces
   941 | D:3      | Bought a scroll of identify for 20 gold pieces
  1255 | D:4      | Found a white marble altar of Elyvilon.
  1338 | D:4      | Found a basalt altar of Yredelemnul.
  1338 | D:4      | Found a blossoming altar of Fedhas.
  1383 | D:4      | Found a sacrificial altar of Ru.
  1386 | D:4      | Found an opulent altar of Gozag.
  1396 | D:4      | Found a shimmering altar of Xom.
  1414 | D:4      | Became a worshipper of Ru the Awakened
  1479 | D:4      | Reached XP level 6. HP: 50/52 MP: 7/7
  1501 | D:4      | HP: 17/52 [poisoned by a kobold]
  1505 | D:4      | HP: 8/52 [poisoned by a kobold]
  1508 | D:4      | Slain by an iguana

Illustrated notes

Levels and vault maps discovered:
D:1:      scummos_arrival_simple_fountains, layout_loops_ring,
          shapermc_ecumenical_altar_mp_vishouse, minmay_tripent
D:2:      layout_basic, basic_altar, minmay_tetromino_o4
D:3:      layout_basic, lemuel_tele_altar, serial_shops, nicolae_lakefront_shop,
          minmay_misc_feat_roman
D:4:      layout_rooms, mainiacjoe_overflow_paths, minitemple,
          gammafunk_temple_overflow_statue, serial_bayou_lake_a

Skill      XL: |  1  2  3 |
---------------+----------+-----
Axes           | 3 5 |  5.7
Shields        | 4 |  4.7
Fighting       | |  3.7
Armour         | |  3.6

Action                   |  1- 3 |  4- 6 || total
-------------------------+-------+-------++-------
Melee: War axe           |    59 |    52 ||   111
  Use: Potion            |     1 |     1 ||     2
       Scroll            |       |     4 ||     4
Armor: Chain mail        |    52 |     2 ||    54
       Scale mail        |     3 |       ||     3
       Plate armour      |       |    22 ||    22
Dodge: Dodged            |    14 |    10 ||    24
Block: Buckler           |    21 |    16 ||    37
